Unix NetHack Version 5.0.0-0 post-release - last build Jul 14 2026 02:55:29 (1809b74e8187c3a3585e283601c3028b46cbbdcb,branch:main).

Game began 2026-07-18 01:15:23, ended 2026-07-18 01:30:15.

IanCurtis, chaotic male elven Wizard

                                                         --- --
                            ------------------------------)| .|
                            |.........................%...<...|
                            |    --------.....#....|.%--.....--
                                        |....[.).{%...-|.....|
                                        |..----....)#..|.....-
                                 -      |..|  |........|......
                                 .   --+-..|  --+--...----....|
                                --.---.....-+--   |...|  |...--
                                |.............|   |...+  |.---
                                |...{..------+-   |...-  ---
                         |   -+--......|.((|      |....
                         -.........)...-.((|      |....
                             - ---+--..|o((|---   |..---
                                    |..-----a.|   |..|
                                    |...G....@-   -..+
                                    |.........G......|
                                    |................|
                                    ------..----------
                                         ----

IanCurtis the Conjurer    St:11 Dx:13 Co:11 In:19 Wi:12 Ch:11  Chaotic
Dlvl:5  $:373 HP:0(35) Pw:5(49) AC:7  Xp:5 T:2413  Hungry  

Latest messages:
 You kill the gnome!
 You see here a gnome corpse.
 The dwarf throws a dagger!
 The dagger misses the gnome.
 The dagger hits the watch captain.
 You swap places with the peaceful watch captain.
 You see here a dagger.
 The gnome hits!
 You kill the gnome!
 You kill the dwarf!
 You see here a pair of hard shoes.
 You hear a door open.
 You swap places with the peaceful hobbit.
 You kill the gnome!
 You are beginning to feel hungry.
 The door opens.
 "Hello, IanCurtis!  Welcome to Oguhmk's hardware store!"
 "Will you please leave your pick-axe outside?"
 You hear a chugging sound.
 Please move the cursor to a monster, object or location.
 (For instructions type a '?')
 The gnome lord throws 2 darts!
 The 1st dart misses the watchman.
 You are hit by the 1st dart.
 The 2nd dart hits the watchman.
 You hear a door open.
 You hit the giant ant!
 The giant ant bites!
 The giant ant bites!
 You miss the giant ant.
 The giant ant bites!
 The giant ant bites!
 The giant ant misses!
 In what direction? h
 The spell hits the giant ant!
 You kill the giant ant!
 The spell hits the giant ant!
 You kill the giant ant!
 The giant ant bites!
 The gnome lord throws a dart!
 You are hit by a dart.
 The giant ant bites!
 You hit the giant ant!
 The giant ant bites!
 The gnome lord throws a dart!
 You are hit by a dart.
 The gnome lord hits!
 The giant ant bites!
 You die...
 Do you want your possessions identified? [ynq] (y) q

Inventory:
 Coins    ('$')
  $ - 373 gold pieces
 Weapons  (')')
  J - the cursed +0 Sting (weapon in left hand, flickering light blue)
  a - a blessed +1 quarterstaff
 Armor    ('[')
  A - an uncursed +0 helmet (being worn)
  v - an uncursed +0 pair of leather gloves (being worn)
  b - an uncursed +0 cloak of magic resistance (being worn)
 Comestibles  ('%')
  u - 4 uncursed food rations
  o - an uncursed tripe ration
 Scrolls  ('?')
  E - an uncursed scroll of confuse monster
  j - an uncursed scroll of earth
  x - 2 uncursed scrolls of enchant weapon
  i - 5 uncursed scrolls of identify
  w - an uncursed scroll of remove curse
  I - an uncursed scroll of taming
 Potions  ('!')
  f - an uncursed potion of blindness
  t - an uncursed potion of extra healing
  h - an uncursed potion of gain energy
  B - 2 uncursed potions of healing
  g - an uncursed potion of see invisible
 Rings    ('=')
  P - an uncursed +1 ring of gain constitution
  e - an uncursed +5 ring of increase damage (on right hand)
  r - an uncursed ring of protection from shape changers
 Wands    ('/')
  z - a wand of cold (0:5)
  c - a wand of stasis (0:4)
 Tools    ('(')
  n - an uncursed tooled horn
  k - an uncursed lock pick
  m - a magic marker (0:20)
  d - a +0 pick-axe

IanCurtis the Wizard's attributes:

Background:
 You were a Conjurer, a level 5 male elven Wizard.
 You were chaotic, nominally on a mission for Anhur
 who was opposed by Ptah (lawful) and Thoth (neutral).
 You were left-handed.
 You were in the Gnomish Mines, on level 5.
 You entered the dungeon 2413 turns ago.
 It was nighttime.
 You had 302 experience points, 18 more were needed to attain level 6.

Basics:
 You had 0 out of 35 hit points.
 You had 5 out of 49 energy points (spell power).
 Your armor class was 7.
 Your wallet contained 373 zorkmids.
 Autopickup was off.

Final Characteristics:
 Your strength was 11 (limit:18).
 Your dexterity was 13 (limit:18).
 Your constitution was 11 (limit:16).
 Your intelligence was 19 (limit:20).
 Your wisdom was 12 (limit:20).
 Your charisma was 11 (limit:18).

Final Status:
 You were hungry.
 You were unencumbered.
 You were wielding a dagger.
 You had basic skill with dagger.

Final Attributes:
 You were piously aligned.
 You were magic-protected.
 You were sleep resistant.
 You were telepathic.
 You were aware of the presence of orcs.
 You had infravision.
 You had a moderate damage bonus (+5).
 You were warded.
 You are dead.

Miscellaneous:
 You didn't encounter any bones levels.
 Total elapsed playing time was 14 minutes and 52 seconds.

Major events:
 Turn
    1: IanCurtis the chaotic male elven Wizard entered the dungeon
 1318: attained the rank of Conjurer (level 3)
 1623: entered the Gnomish Mines
 1630: chose an elven dagger to be named "Sting"
 2348: reached Mine Town
 2413: killed by a giant ant

Spells:
 Name                 Level Category     Fail Retention
 force bolt             1   attack         0%   81%-90%
 cure sickness          3   healing       87%  76%-100%
 detect monsters        1   divination     0%  76%-100%
 create monster         2   clerical      62%  76%-100%
 healing                1   healing        0%  76%-100%
 confuse monster        1   enchantment    0%  91%-100%

Skills:
 Fighting Skills
   bare handed combat [Unskilled]
   riding             [Unskilled]
 Weapon Skills
   dagger             [Basic]
   knife              [Unskilled]
   axe                [Unskilled]
   short sword        [Unskilled]
   club               [Unskilled]
   mace               [Unskilled]
   quarterstaff       [Basic]
   polearms           [Unskilled]
   spear              [Unskilled]
   trident            [Unskilled]
   sling              [Unskilled]
   dart               [Unskilled]
   shuriken           [Unskilled]
 Spellcasting Skills
   attack spells      [Basic]
   healing spells     [Unskilled]
   divination spells  [Unskilled]
   enchantment spells [Basic]
   clerical spells    [Unskilled]
   escape spells      [Unskilled]
   matter spells      [Unskilled]

Voluntary challenges:
 Character rerolling was not enabled.
 You were an atheist.
 You never genocided any monsters.
 You never polymorphed an object.
 You never changed form.
 You used no wishes.
Achievements:
 You entered a shop.
 You attained the rank of Conjurer.
 You entered the Gnomish Mines.
 You entered Minetown.

 The Dungeons of Doom: levels 1 to 4
    Level 1: "vault"
    Level 2: "spellbooks by mine entrance"
       A general store.
       Stairs down to The Gnomish Mines.
    Level 3:
       A vegetarian food shop, a fountain.
    Level 4:
 The Gnomish Mines: levels 3 to 5
    Level 3:
    Level 4:
    Level 5: <- You were here.
       A tool shop, some fountains, some trees.
       Final resting place for
          you, killed by a giant ant.


Vanquished creatures:
  a pony
  2 shriekers
  3 gnome leaders
  2 giant ants
  a floating eye
  7 dwarves
  3 orc zombies
 an acid blob
  2 coyotes
  3 hobbits
  a manes
  a giant rat
  a yellow mold
  a red mold
 19 gnomes
  a gecko
  8 jackals
  a fox
  a goblin
  7 sewer rats
  6 grid bugs
  a lichen
  3 kobold zombies
  2 newts
78 creatures vanquished.

No species were genocided or became extinct.

Game over:
                       ----------
                      /          \
                     /    REST    \
                    /      IN      \
                   /     PEACE      \
                  /                  \
                  |    IanCurtis     |
                  |      373 Au      |
                  |   killed by a    |
                  |    giant ant     |
                  |                  |
                  |                  |
                  |       2026       |
                 *|     *  *  *      | *
        _________)/\\_//(\/(/\)/\//\/|_)_______

Goodbye IanCurtis the Wizard...

You died in The Gnomish Mines on dungeon level 5 with 1744 points,
and 373 pieces of gold, after 2413 moves.
You were level 5 with a maximum of 35 hit points when you died.

